 Dungeon Crawl Stone Soup version 0.22-a0-558-gc224181 (webtiles) character file.

3179549 MothsLongingForFire the Conqueror (level 27, 199/199 HPs)
             Began as a Gargoyle Fighter on June 27, 2018.
             Was the Champion of Zin.
             Escaped with the Orb
             ... and 6 runes!
             The game lasted 05:33:31 (112917 turns).

MothsLongingForFire the Conqueror (GrFi)          Turns: 112917, Time: 05:33:31

Health: 199/199    AC: 64    Str: 33    XL:     27
Magic:  40/40      EV: 25    Int: 16    God:    Zin [******]
Gold:   13247      SH: 41    Dex: 13    Spells: 18/26 levels left

rFire    + + .     SeeInvis .   X - +9 eveningstar (flame)
rCold    + . .     Gourm    .   Q - +8 large shield
rNeg     + + .     Faith    .   b - +6 crystal plate armour of the Shrike {Str+2}
rPois    ∞         Spirit   .   q - -2 hat of the Alchemist {rElec rPois rF+ rC+ rN+ MR+ rMut rCorr}
rElec    +         Reflect  +   U - scarf {repulsion}
rCorr    +         Harm     .   W - +2 pair of gloves {archery}
rMut     +                      N - +2 pair of boots {run}
MR       +++..                  c - +6 amulet of reflection
Stlth    ..........             h - ring "Kaup Weth" {rF+ Str+5 Int+4}
HPRegen  0.43/turn              y - ring of Phasing {EV+8}
MPRegen  0.27/turn

@: flying, repel missiles, quick
A: big wings, negative energy resistance 1, electricity resistance, unbreathing,
petrification resistance, rot immunity, AC +20
0: Orb of Zot
}: 6/15 runes: decaying, serpentine, slimy, silver, golden, abyssal
a: Stop Flying, Recite, Vitalisation, Imprison, Sanctuary, Donate Gold, Renounce
Religion


You escaped.
You worshipped Zin.
Zin was exalted by your worship.
You were full.

You visited 13 branches of the dungeon, and saw 61 of its levels.
You visited the Abyss 3 times.
You also visited: Bailey, Volcano and Wizlab.

You collected 15588 gold pieces.
You spent 1787 gold pieces at shops.
You donated 554 gold pieces to Zin.


Innate Abilities, Weirdness & Mutations

You are resistant to torment.
Your stone body is resilient. (AC +20)
You are immune to poison.
Your large and strong wings let you fly indefinitely.
You resist negative energy. (rN+)
You are resistant to electric shocks. (rElec)
You can survive without breathing.
You are immune to petrification.
You are immune to rotting.


   Skills:
 O Level 27 Fighting
 - Level 16.0 Maces & Flails
   Level 1.7 Polearms
 + Level 13.9 Throwing
 O Level 27 Armour
 + Level 17.6 Dodging
 - Level 25.3 Shields
 - Level 4.0 Charms
 - Level 4.0 Summonings
 - Level 4.0 Translocations
 O Level 27 Invocations


You had 18 spell levels left.
You knew the following spells:

 Your Spells              Type           Power        Failure   Level  Hunger
a - Apportation           Tloc           ##....       22%         1    ##.....
i - Passage of Golubria   Tloc           N/A          91%         4    #####..
o - Song of Slaying       Chrm           ##......     32%         2    ###....
u - Summon Butterflies    Summ           ##......     22%         1    ##.....

Your spell library contained the following spells:

 Spells                   Type           Power        Failure   Level  Hunger
 Cause Fear               Hex            #.........   100%        4    #####..
 Magic Dart               Conj           #...         75%         1    ##.....
 Fireball                 Conj/Fire      #.........   100%        5    ######.
 Conjure Flame            Conj/Fire      #.......     98%         3    ####...
 Bolt of Cold             Conj/Ice       #.........   100%        6    #######
 Lightning Bolt           Conj/Air       #.........   100%        5    ######.
 Bolt of Magma            Conj/Fire/Erth #.........   100%        5    ######.
 Slow                     Hex            #.......     86%         2    ###....
 Confuse                  Hex            #.......     98%         3    ####...
 Invisibility             Hex            #.......     100%        6    #######
 Throw Flame              Conj/Fire      #.....       86%         2    ###....
 Throw Frost              Conj/Ice       #.....       86%         2    ###....
 Freezing Cloud           Conj/Ice/Air   #.........   100%        6    #######
 Mephitic Cloud           Conj/Pois/Air  #.......     98%         3    ####...
 Venom Bolt               Conj/Pois      #.........   100%        5    ######.
 Olgreb's Toxic Radiance  Pois           #.......     100%        4    #####..
 Teleport Other           Tloc           ##......     54%         3    ####...
 Death's Door             Chrm/Necr      #.........   100%        8    #######
 Summon Small Mammal      Summ           ##..         22%         1    ##.....
 Bolt of Draining         Conj/Necr      #.........   100%        5    ######.
 Lehudib's Crystal Spear  Conj/Erth      #.........   100%        8    #######
 Fire Storm               Conj/Fire      #.........   100%        9    #######
 Blink                    Tloc           N/A          32%         2    ###....
 Iskenderun's Mystic Bla  Conj           #.......     100%        4    #####..
 Animate Dead             Necr           N/A          100%        4    #####..
 Pain                     Necr           #...         75%         1    ##.....
 Animate Skeleton         Necr           N/A          75%         1    ##.....
 Vampiric Draining        Necr           #.........   98%         3    ####...
 Haunt                    Necr/Summ      #.........   100%        7    #######
 Borgnjor's Revivificati  Necr           #.........   100%        8    #######
 Freeze                   Ice            #...         75%         1    ##.....
 Ozocubu's Refrigeration  Ice            #.........   100%        6    #######
 Sticky Flame             Conj/Fire      #.......     100%        4    #####..
 Summon Ice Beast         Ice/Summ       #.......     99%         4    #####..
 Ozocubu's Armour         Chrm/Ice       #.......     83%         3    ####...
 Call Imp                 Summ           ##......     32%         2    ###....
 Dispel Undead            Necr           #.......     100%        5    ######.
 Poison Arrow             Conj/Pois      #.........   100%        6    #######
 Regeneration             Chrm/Necr      #.........   83%         3    ####...
 Sting                    Conj/Pois      #...         75%         1    ##.....
 Tukima's Dance           Hex            #.......     98%         3    ####...
 Summon Demon             Summ           ##........   99%         5    ######.
 Iron Shot                Conj/Erth      #.........   100%        6    #######
 Shock                    Conj/Air       #...         75%         1    ##.....
 Swiftness                Chrm/Air       #.......     58%         2    ###....
 Recall                   Summ/Tloc      N/A          54%         3    ####...
 Agony                    Necr           #.......     100%        5    ######.
 Spider Form              Tmut/Pois      #.........   98%         3    ####...
 Blade Hands              Tmut           #.........   100%        5    ######.
 Statue Form              Tmut/Erth      #........    100%        6    #######
 Ice Form                 Ice/Tmut       #.......     100%        4    #####..
 Dragon Form              Tmut           #.........   100%        7    #######
 Necromutation            Tmut/Necr      #.........   100%        8    #######
 Death Channel            Necr           #.........   100%        6    #######
 Deflect Missiles         Chrm/Air       #.........   100%        6    #######
 Throw Icicle             Conj/Ice       #.......     100%        4    #####..
 Glaciate                 Conj/Ice       #.........   100%        9    #######
 Airstrike                Air            #.........   100%        4    #####..
 Shadow Creatures         Summ           N/A          100%        6    #######
 Confusing Touch          Hex            #.....       75%         1    ##.....
 Flame Tongue             Conj/Fire      #....        75%         1    ##.....
 Passwall                 Tmut/Erth      #.......     86%         2    ###....
 Sticks to Snakes         Tmut           #.......     86%         2    ###....
 Call Canine Familiar     Summ           ##......     54%         3    ####...
 Ensorcelled Hibernation  Hex/Ice        #.....       86%         2    ###....
 Metabolic Englaciation   Hex/Ice        #.........   100%        5    ######.
 Silence                  Hex/Air        #.........   100%        5    ######.
 Dispersal                Tloc           ##........   100%        6    #######
 Static Discharge         Conj/Air       #.......     98%         3    ####...
 Corona                   Hex            #......      75%         1    ##.....
 Alistair's Intoxication  Tmut/Pois      #.......     100%        5    ######.
 Lee's Rapid Deconstruct  Erth           #.........   100%        5    ######.
 Simulacrum               Ice/Necr       #.........   100%        6    #######
 Conjure Ball Lightning   Conj/Air       #.........   100%        6    #######
 Chain Lightning          Conj/Air       #.........   100%        8    #######
 Excruciating Wounds      Chrm/Necr      #.........   100%        5    ######.
 Petrify                  Tmut/Erth      #.......     100%        4    #####..
 Orb of Destruction       Conj           #.........   100%        7    #######
 Malign Gateway           Summ/Tloc      ##........   100%        7    #######
 Tornado                  Air            #.........   100%        9    #######
 Summon Hydra             Summ           ##........   100%        7    #######
 Darkness                 Hex            #.........   100%        6    #######
 Shroud of Golubria       Chrm/Tloc      ##........   32%         2    ###....
 Inner Flame              Hex/Fire       #.......     98%         3    ####...
 Aura of Abjuration       Summ           ##........   99%         5    ######.
 Beastly Appendage        Tmut           #.....       75%         1    ##.....
 Disjunction              Tloc           ##........   100%        8    #######
 Iskenderun's Battlesphe  Conj/Chrm      #.......     100%        5    ######.
 Fulminant Prism          Conj/Hex       #.........   100%        4    #####..
 Dazzling Spray           Conj/Hex       #.....       98%         3    ####...
 Force Lance              Conj/Tloc      #.......     99%         4    #####..
 Infusion                 Chrm           ##..         22%         1    ##.....
 Spectral Weapon          Hex/Chrm       #.......     83%         3    ####...
 Searing Ray              Conj           #.....       86%         2    ###....
 Discord                  Hex            #.........   100%        8    #######
 Summon Forest            Summ/Tloc      ##........   99%         5    ######.
 Summon Lightning Spire   Summ/Air       #.......     99%         4    #####..
 Summon Guardian Golem    Hex/Summ       #.......     83%         3    ####...
 Spellforged Servitor     Conj/Summ      #.........   100%        7    #######
 Summon Mana Viper        Hex/Summ       #.......     100%        5    ######.
 Hydra Form               Tmut           #.........   100%        6    #######
 Irradiate                Conj/Tmut      #.........   100%        5    ######.
 Gell's Gravitas          Tloc           ##........   54%         3    ####...
 Yara's Violent Unravell  Hex/Tmut       #.........   100%        5    ######.
 Infestation              Necr           #.........   100%        8    #######
 Lesser Beckoning         Tloc           ##........   54%         3    ####...
 Poisonous Vapours        Pois/Air       #.....       86%         2    ###....
 Borgnjor's Vile Clutch   Necr/Erth      #.........   100%        5    ######.

Inventory:

Hand Weapons
 a - the +10 morningstar of Ragnarok {protect, rElec rF+}
   (You found it on level 8 of the Dungeon)

   It protects the one who uses it against injury (+AC on strike).
   It protects you from fire.
   It insulates you from electricity.
 X - a +9 eveningstar of flaming (weapon)
Missiles
 A - 28 tomahawks of returning (quivered)
 G - 8 throwing nets {=f}
Armour
 b - the +6 crystal plate armour of the Shrike (worn) {Str+2}
   (Okawaru gifted it to you on level 1 of the Vaults)

   It affects your strength (+2).
 q - the -2 hat of the Alchemist (worn) {rElec rPois rF+ rC+ rN+ MR+ rMut rCorr}
   (You found it in a wizard's laboratory)

   It protects you from fire.
   It protects you from cold.
   It insulates you from electricity.
   It protects you from poison.
   It protects you from negative energy.
   It affects your resistance to hostile enchantments.
   It protects you from acid and corrosion.
   It protects you from mutation.
 N - a +2 pair of boots of running (worn)
 Q - a +8 large shield (worn)
 U - a scarf of repulsion (worn)
 W - a +2 pair of gloves of archery (worn)
Jewellery
 c - a +6 amulet of reflection (around neck)
 h - the ring "Kaup Weth" (left hand) {rF+ Str+5 Int+4}
   (You found it on level 3 of the Tomb of the Ancients)

   [ring of protection from fire]

   It affects your strength (+5).
   It affects your intelligence (+4).
   It protects you from fire.
 v - an uncursed ring of see invisible
 y - the ring of Phasing (right hand) {EV+8}
   (You took it off a deep elf high priest on level 3 of the Elven Halls)

   [ring of evasion]

   It affects your evasion (+8).
 F - an uncursed ring of protection from fire
 S - the ring "Los Keotopn" {rC+ rN+}
   (You found it on level 3 of the Crypt)

   [ring of positive energy]

   It protects you from cold.
   It protects you from negative energy.
Wands
 r - a wand of iceblast (70)
 I - a wand of digging (34)
 P - a wand of acid (30)
Scrolls
 e - 5 scrolls of immolation {!r}
 k - 32 scrolls of remove curse {@r2}
 m - 13 scrolls of fear
 t - 10 scrolls of teleportation {@r4}
 u - 4 scrolls of holy word
 w - 8 scrolls of magic mapping
 D - 11 scrolls of fog
 R - 2 scrolls of summoning
 T - 14 scrolls of identify {@r1}
 Y - 5 scrolls of blinking
Potions
 d - 5 potions of might
 g - 8 potions of cancellation
 i - 23 potions of curing {@q1}
 j - 16 potions of brilliance
 l - a potion of haste {@q3}
 o - 3 potions of ambrosia
 s - 18 potions of mutation {!q}
 B - 4 potions of berserk rage {!q}
 C - 7 potions of magic
 H - 7 potions of heal wounds {@q2}
 L - 3 potions of agility
 M - 2 potions of resistance
Miscellaneous
 x - 2 phantom mirrors
 E - a lamp of fire
 K - a figurine of a ziggurat
 O - a lightning rod (4/4)
Comestibles
 f - 36 rations {@e1}

Dungeon Overview and Level Annotations

Branches:
Dungeon (15/15)            Temple (1/1) D:6            Lair (6/6) D:11
  Swamp (4/4) Lair:4        Snake (4/4) Lair:3        Slime (5/5) Lair:6
    Orc (2/2) D:9             Elf (3/3) Orc:2        Vaults (5/5) D:13
  Crypt (3/3) Vaults:3       Tomb (3/3) Crypt:3      Depths (5/5) D:15
    Zot (5/5) Depths:5

Altars:
Ashenzari
Cheibriados
Dithmenos
Elyvilon
Fedhas
Gozag
Hepliaklqana
Kikubaaqudgha
Makhleb
Nemelex Xobeh
Okawaru
Qazlal
Ru
Sif Muna
Trog
Uskayaw
Vehumet
Wu Jian
Xom
Yredelemnul
Zin
The Shining One
Beogh
Jiyva

Shops:
D:4 !   D:10 *(?*(   Orc:2 ?*![   Elf:3 [   Snake:1 :   Vaults:1 %   Vaults:4 :
Depths:1 (   Depths:3 *

Portals:
Hell: Depths:1 Depths:2 Depths:3 Depths:4 Depths:5
Abyss: Depths:1 Depths:4
Pandemonium: Depths:3
Ziggurat: Depths:4
Trove: D:10 (give +5 demon blade)

Annotations:
D:6 !ogre
D:8 !gastronk
Lair:3 3 runed doors, Peny's ghost, journeyman MiFi
Swamp:4 !lenny
Slime:2 exclusion: upstairs

#...#.#.####............#####.#.#.#
#...#............................##
#...###.......#.........####..####8
##### ###..#.........##.####...##..
####..#...##.#####........#8..
#.........................+...
############.##############8..
##.........## ###.. #..♣..@..♣..#
#.##8 ##.........## #..## #####
#####'##### ##### #...#
##...######...######...###...#
#.......................#....#
#..⌠........⌠........⌠..#....#
#.......................#....#
##...######...######...##....#
##'## ##>## ##'###.....


There were no monsters in sight!


Message History

You fly upwards.
There is a stone staircase leading down, spattered with blood here.
You see here a leather armour.
You see here a hand axe.
There is an open door here.
There is a stone staircase leading up here.
You fly upwards.
There is a stone staircase leading down here.
An ice devil comes into view.
There is a stone staircase leading up here.
You fly upwards.
There is a stone staircase leading down here.
A white imp comes into view.
The white imp shouts!
The white imp moves out of view.
The white imp gestures at you.
The puff of frost reflects off an invisible shield around you!
The puff of frost hits the white imp.
The white imp completely resists.
You barely miss the white imp. You puncture the white imp!
You burn the white imp.
You kill the white imp!
No target in view!
Evoke which item? (* to show all) (? for menu, Esc to quit)
Aiming: Dig
Press: ? - help, Shift-Dir - straight line A rock wall.
This square is covered in magical glow.
The rock shatters into small pieces.
There is a staircase leading out of the dungeon here.
You have escaped!

Skill      XL: |  1  2  3  4  5  6  7  8  9 10 11 12 13 14 15 16 17 18 19 20 21 22 23 24 25 26 27 |
---------------+----------------------------------------------------------------------------------+-----
Fighting       | 4 5 8 9 11 12 13 15 17 18 20 21 22 23 24 27 | 27.0
Maces & Flails | 2 3 4 6 8 10 13 14 15 16 | 16.0
Shields        | 5 7 9 11 13 15 17 18 19 20 21 25 | 25.3
Invocations    | 4 6 7 11 14 16 18 19 27 | 27.0
Armour         | 6 8 10 12 13 15 17 19 20 21 22 23 24 27 | 27.0
Translocations | 1 4 |  4.0
Charms         | 1 4 |  4.0
Summonings     | 1 4 |  4.0
Dodging        | 17 | 17.6
Throwing       | 13 | 13.9
Polearms       | |  1.7

Action                   |  1- 3 |  4- 6 |  7- 9 | 10-12 | 13-15 | 16-18 | 19-21 | 22-24 | 25-27 || total
-------------------------+-------+-------+-------+-------+-------+-------+-------+-------+-------++-------
Melee: Trident           |    40 |       |       |       |       |       |       |       |       ||    40
       Mace              |    90 |    78 |       |       |       |       |       |       |       ||   168
       Flail             |       |   107 |   342 |   162 |       |       |       |       |       ||   611
       Morningstar       |       |       |    19 |   418 |  1469 |  2061 |  1925 |  3322 |  4657 || 13871
       Eveningstar       |       |       |       |       |       |       |   477 |       |  3682 ||  4159
 Fire: Blowgun           |       |    12 |    13 |    32 |    19 |       |       |       |       ||    76
Throw: Stone             |       |     5 |     4 |     7 |     2 |       |       |       |       ||    18
       Tomahawk          |       |       |       |       |       |     3 |       |       |    58 ||    61
 Cast: Summon Butterflie |       |       |       |       |       |     1 |       |       |       ||     1
Invok: Heroism           |       |       |     2 |     7 |     9 |    15 |    14 |       |       ||    47
       Finesse           |       |       |       |     1 |     7 |     8 |     7 |       |       ||    23
       Recite            |       |       |       |       |       |       |     2 |    58 |    93 ||   153
       Vitalisation      |       |       |       |       |       |       |       |    26 |   117 ||   143
       Imprison          |       |       |       |       |       |       |       |     1 |    11 ||    12
       Sanctuary         |       |       |       |       |       |       |       |     1 |     4 ||     5
 Abil: Stop Flying       |       |       |       |       |     3 |       |     1 |       |     3 ||     7
       Fly               |       |       |       |       |     3 |       |       |       |     3 ||     6
Evoke: Wand              |       |       |       |       |     3 |       |     1 |    10 |     4 ||    18
       Fan of gales      |       |       |       |       |       |       |       |     1 |     1 ||     2
       Lamp of fire      |       |       |       |       |       |       |       |       |     3 ||     3
       Lightning rod     |       |       |       |       |       |       |       |       |     2 ||     2
       Phial of floods   |       |       |       |       |       |       |       |       |     1 ||     1
  Use: Scroll            |     2 |     5 |     2 |    11 |    11 |     9 |     7 |    12 |    82 ||   141
       Potion            |       |       |       |       |     1 |       |     2 |    18 |    35 ||    56
 Stab: Sleeping          |       |       |       |       |    10 |     4 |       |       |       ||    14
       Distracted        |       |       |       |       |     3 |     2 |       |       |     4 ||     9
       Petrifying        |       |       |       |       |     2 |       |       |       |       ||     2
       Petrified         |       |       |       |       |     1 |       |       |       |       ||     1
       Confused          |       |       |       |       |       |       |     1 |    24 |    79 ||   104
       Paralysed         |       |       |       |       |       |       |       |     4 |     8 ||    12
       Invisible         |       |       |       |       |       |       |       |       |     8 ||     8
  Eat: Chunk             |     2 |     7 |     9 |    16 |    30 |    24 |    30 |       |    11 ||   129
       Ration            |       |       |     1 |     2 |     2 |     7 |     3 |    15 |    48 ||    78
Armor: Scale mail        |    76 |    75 |       |       |       |       |       |       |       ||   151
       Chain mail        |       |       |   170 |   281 |       |       |       |       |       ||   451
       Ring mail         |       |       |       |     3 |   412 |   713 |       |       |       ||  1128
       Crystal plate arm |       |       |       |       |       |   190 |  1021 |  1942 |  3511 ||  6664
Dodge: Dodged            |    40 |    63 |    93 |   191 |   443 |   854 |   690 |  1085 |  2613 ||  6072
       Deflected         |       |       |       |       |    20 |    65 |    58 |    50 |   125 ||   318
Block: Shield            |    61 |    84 |   135 |   309 |   746 |  1310 |  1659 |  3439 |  5011 || 12754
       Reflection        |       |       |       |       |       |       |    42 |   130 |   151 ||   323
       Large shield      |       |       |       |       |       |       |       |       |  4898 ||  4898

Vault maps used:
D:1:      minmay_arrival_split_and_join, dk_noncrumbling_4,
          minmay_misc_feat_four_crosses, minmay_tromino_v2
D:2:      first_ration, cheibrodos_gnoll_hut
D:4:      cheibrodos_ashenzari_chains, serial_shops, nicolae_shop_behind_doors,
          minmay_misc_feat_plants, uniq_edmund
D:5:      bloody_trog
D:6:      minmay_temple_entry_grid
D:8:      basic_altar, uniq_gastronok
D:9:      orc_0_dummy, serial_co_window_serial, co_window_corner_a,
          co_window_of_opportunity_a, co_window_paths_a, co_window_corner_a,
          co_window_paths_a, co_window_corner_b, co_window_corner_cb,
          co_window_paths_c, co_window_of_opportunity_b, co_window_4corner_b,
          co_window_paths_e, glass_columns_c, glass_columns_c, glass_columns_a,
          glass_columns_c
D:10:     enter_trove_0, serial_shops, kennysheep_mini_moat, shop,
          nicolae_shop_window_shopping, nicolae_shop_behind_doors, shop
D:11:     due_lair_maze_entry_diamond
D:12:     grunt_tengu_nest, feat_on_display
D:13:     david_vaults_1, enter_bailey_7
D:14:     nicolae_whirlpool
D:15:     hangedman_depths_entry_civil_slaughter, serial_park_tiny_1,
          kennysheep_inner_square
Temple:   roderic_octagonal_lattice_temple
Lair:2:   beast_lair_carwin_large_2, grunt_forest_small_clearing_treed,
          grunt_megastairs_5
Lair:3:   guppyfry_snake_entry_island, gammafunk_ghost_necromancy
Lair:4:   minmay_swamp_entry_reptiles, serial_forest,
          infiniplex_forest_clump_diagonal, infiniplex_forest_lined_corner,
          infiniplex_forest_straight_2, infiniplex_forest_split,
          infiniplex_forest_clump_diagonal, infiniplex_forest_split,
          infiniplex_forest_clump_curved, infiniplex_forest_lined_3_way,
          infiniplex_forest_diagonal
Lair:5:   serial_bayou_pond_d, uniq_urug
Lair:6:   minmay_lair_end_frog_pond, slime_altar_1,
          nicolae_volcano_entry_vermiform, serial_bayou_shore_a
Swamp:1:  evilmike_swamp_ruin_rubble_1
Swamp:2:  hangedman_swamp_ruin_wall
Swamp:3:  nicolae_swamp_phyte_club, evilmike_swamp_ruin_house_2, swamp_pool1,
          infiniplex_staircase_pool
Swamp:4:  swamp_old_school
Snake:1:  serial_shops, shop, special_room, nicolae_snake_serpentine_hallways
Snake:3:  serial_bayou_lake_a
Snake:4:  minmay_snake_end_coiled, st_stairs_6, spider_trap, uniq_aizul
Slime:3:  cheibrodos_slime_lost_civilization_5
Slime:4:  dissolution_awaits
Orc:1:    basic_altar, uniq_fannar
Orc:2:    st_orc_ogre_mass
Elf:1:    orc_legates, uniq_roxanne
Elf:2:    spider_trap
Elf:3:    minmay_elf_hall_not_hex, serial_shops, shop, hangedman_elf_disciples
Vaults:1: nicolae_vaults_ring_of_whatevers, vaults_room_semicircle, v_misc_23,
          st_greater_box_3, nicolae_vaults_diagonal_hallway_9,
          nicolae_vaults_little_ls, ontoclasm_vaults_fault,
          vaults_mumra_chevron, hangedman_vaults_corner_blocks, v_misc_9,
          grunt_vaults_swirl, vaults_room_pools, serial_shops, shop
Vaults:2: v_alt_pattern_6, nicolae_vaults_big_ls, v_misc_26,
          nicolae_vaults_little_squares_1, vaults_standard_mumra_lines,
          v_misc_33, nicolae_vaults_network_star, grunt_vaults_hallway_short,
          nicolae_vaults_circle_grid_b, serial_ice_b, vaults_room_semicircle,
          grunt_vaults_hallway_long, basic_altar
Vaults:3: nicolae_vaults_circle_grid_b, nicolae_vaults_network_s,
          nicolae_vaults_mini_display_case, nicolae_vaults_hallways_thing,
          minmay_crypt_entry_simple_round, st_lines, vaults_room_door_ring,
          grunt_vaults_hallway_long, uniq_bai_suzhen
Vaults:4: hangedman_vaults_slice, ontoclasm_vaults_misaligned,
          ontoclasm_vaults_hangar, vaults_dpeg_cross, hangedman_vaults_trim,
          nicolae_vaults_triangles, serial_shops, nicolae_shop_window_shopping
Vaults:5: serial_shops
Crypt:1:  mu_enter_wizlab_2, st_stairs_5, hangedman_crypt_dual_shrines
Crypt:2:  uniq_margery
Crypt:3:  due_elkab, lemuel_mausoleum_altar_kikubaaqudgha, uniq_saint_roka
Depths:1: minmay_misc_feat_doors, abyss_entry, pf_hell_entry_great_geh,
          minmay_shop_grid_forest, minivault_16, okawaru_ov_weapons_minmay
Depths:2: lemuel_river_lethe, hell_entry, uniq_mara
Depths:3: hangedman_surveillance_ring, grunt_pan_entry_spiral, kennysheep_nub,
          pf_coc_iceberg, guppyfry_shop_blood, infiniplex_staircase_pillars_1,
          firewood_loft
Depths:4: minmay_the_grid_ultimate, hell_entry, abyss_entry
Depths:5: grunt_zot_entry_gee_three, hell_entry, st_stairs_5,
          hangedman_decor_clover_reticule, uniq_sojobo
Zot:2:    grunt_megastairs_2
Zot:3:    ebering_ghost_inner_flame, st_large_dragon_hoard_3
Zot:4:    hangedman_zot_diagonal_lockstep
Zot:5:    stair_cage_open
Abyss:1:  minivault_23
Abyss:2:  guppyfry_abyss_exit_glass_guarded, evilmike_abyss_exit_plants
Abyss:3:  hangedman_abyss_or_decor_stagger
Bailey:   bailey_axe_4, bailey
Volcano:  volcano_bunker
WizLab:   wizlab_cigotuvi

Notes
Turn   | Place    | Note
-------+----------+-------------------------------------------
     0 | D:1      | MothsLongingForFire the Gargoyle Fighter began the quest for the Orb.
     0 | D:1      | Reached XP level 1. HP: 14/14 MP: 1/1
   143 | D:1      | Reached XP level 2. HP: 20/20 MP: 2/2
   156 | D:1      | Reached skill level 4 in Fighting
   327 | D:1      | Reached XP level 3. HP: 24/24 MP: 3/3
   863 | D:2      | Reached skill level 1 in Maces & Flails
  1268 | D:2      | Reached skill level 2 in Maces & Flails
  1590 | D:3      | Reached XP level 4. HP: 30/30 MP: 4/4
  2171 | D:3      | Reached skill level 3 in Maces & Flails
  2505 | D:4      | Reached XP level 5. HP: 28/34 MP: 5/5
  2687 | D:4      | Noticed Edmund
  2775 | D:3      | Reached skill level 4 in Maces & Flails
  2992 | D:4      | Found a shattered altar of Ashenzari.
  3214 | D:4      | Noticed a phantom
  3223 | D:4      | Reached XP level 6. HP: 34/39 MP: 6/6
  3264 | D:4      | Killed a phantom
  3264 | D:4      | Reached skill level 5 in Maces & Flails
  3454 | D:4      | Killed Edmund
  3454 | D:4      | Reached skill level 6 in Maces & Flails
  3526 | D:4      | Found Ewnukeqy's Distillery.
  3529 | D:4      | Bought a potion of haste for 130 gold pieces
  3612 | D:4      | Reached XP level 7. HP: 44/44 MP: 7/7
  3766 | D:5      | Entered Level 5 of the Dungeon
  3782 | D:5      | Reached skill level 7 in Maces & Flails
  4142 | D:4      | Reached skill level 8 in Maces & Flails
  4275 | D:5      | Found a bloodstained altar of Trog.
  4292 | D:5      | Reached XP level 8. HP: 48/48 MP: 8/8
  4522 | D:5      | Reached skill level 9 in Maces & Flails
  4879 | D:6      | Found a staircase to the Ecumenical Temple.
  4935 | Temple   | Entered the Ecumenical Temple
  5165 | Temple   | Became a worshipper of Warmaster Okawaru
  5286 | D:6      | Reached skill level 10 in Maces & Flails
  5713 | D:7      | Reached * piety under Okawaru
  5713 | D:7      | Reached XP level 9. HP: 52/52 MP: 9/9
  5751 | D:7      | Noticed a two-headed ogre
  6081 | D:7      | Reached skill level 11 in Maces & Flails
  6904 | D:8      | Reached skill level 12 in Maces & Flails
  6938 | D:8      | Reached ** piety under Okawaru
  7095 | D:8      | Got a twisted morningstar
  7096 | D:8      | Identified the +10 morningstar of Ragnarok {protect, rElec rF+} (You found it on level 8 of the Dungeon)
  7203 | D:8      | Noticed a two-headed ogre
  7217 | D:8      | Killed a two-headed ogre
  7217 | D:8      | Reached *** piety under Okawaru
  7217 | D:8      | Reached skill level 13 in Maces & Flails
  7217 | D:8      | Reached XP level 10. HP: 38/58 MP: 7/10
  7450 | D:8      | Found an ornate altar of the Wu Jian Council.
  7473 | D:8      | Noticed Gastronok
  7546 | D:6      | Killed a two-headed ogre
  7546 | D:6      | Reached **** piety under Okawaru
  7546 | D:6      | Reached skill level 14 in Maces & Flails
  8290 | D:9      | Reached skill level 5 in Fighting
  8290 | D:9      | Reached skill level 4 in Shields
  8302 | D:9      | Found a staircase to the Orcish Mines.
  8436 | D:9      | Noticed a two-headed ogre
  8460 | D:9      | Killed a two-headed ogre
  8596 | D:10     | Entered Level 10 of the Dungeon
  8619 | D:10     | Found Ehastora's Magic Scroll Shop.
  8622 | D:10     | Bought a scroll of teleportation for 42 gold pieces
  8622 | D:10     | Bought a scroll of summoning for 133 gold pieces
  8622 | D:10     | Bought a scroll of identify for 28 gold pieces
  8622 | D:10     | Bought a scroll of identify for 28 gold pieces
  8622 | D:10     | Bought a scroll of identify for 28 gold pieces
  8622 | D:10     | Bought a scroll of identify for 28 gold pieces
  8624 | D:10     | Identified a scroll of acquirement
  8688 | D:10     | Found Kirercho's Weapon Shop.
  8701 | D:10     | Reached skill level 5 in Shields
  8701 | D:10     | Reached XP level 11. HP: 58/64 MP: 4/11
  8744 | D:10     | Reached skill level 6 in Fighting
  8748 | D:10     | Found Sipearph's Antique Weapon Shoppe.
  8801 | D:10     | Found Doqer's Assorted Antiques.
  8808 | D:10     | Bought a potion of curing for 66 gold pieces
  8954 | D:10     | Found Uten's Assorted Antiques.
  8966 | D:10     | Bought a scroll of identify for 40 gold pieces
  9014 | D:10     | Found a portal to a secret trove of treasure.
  9469 | D:11     | Reached ***** piety under Okawaru
  9587 | D:11     | Noticed a two-headed ogre
  9601 | D:11     | Reached skill level 6 in Shields
  9613 | D:11     | Killed a two-headed ogre
  9613 | D:11     | Reached skill level 7 in Fighting
 10012 | D:11     | Found a staircase to the Lair.
 10146 | D:11     | Reached skill level 15 in Maces & Flails
 10537 | D:11     | Noticed a two-headed ogre
 10556 | D:11     | Killed a two-headed ogre
 10556 | D:11     | Reached skill level 7 in Shields
 10841 | D:11     | Received a gift from Okawaru
 10842 | D:11     | Got a twisted helmet {god gift}
 10849 | D:11     | Identified the +2 helmet of Recklessness {rF+ rCorr Str-4} (Okawaru gifted it to you on level 11 of the Dungeon)
 11187 | D:8      | Killed Gastronok
 11187 | D:8      | Reached skill level 8 in Fighting
 11644 | Lair:1   | Entered Level 1 of the Lair of Beasts
 11714 | Lair:1   | Reached XP level 12. HP: 61/75 MP: 12/12
 11807 | Lair:1   | Reached skill level 1 in Invocations
 11836 | Lair:1   | Reached skill level 8 in Shields
 11987 | Lair:1   | Noticed an eight-headed hydra
 12001 | Lair:1   | Killed an eight-headed hydra
 12001 | Lair:1   | Reached skill level 4 in Armour
 12001 | Lair:1   | Reached skill level 2 in Invocations
 12498 | Lair:2   | Reached skill level 9 in Fighting
 12575 | Lair:2   | Reached skill level 3 in Invocations
 12578 | Lair:2   | Noticed a death yak
 12592 | Lair:2   | Noticed a death yak
 12598 | Lair:2   | Noticed a death yak
 12601 | Lair:2   | Noticed a death yak
 12603 | Lair:2   | Noticed a death yak
 12604 | Lair:2   | Killed a death yak
 12615 | Lair:1   | Killed a death yak
 12615 | Lair:1   | Received a gift from Okawaru
 12615 | Lair:1   | Reached skill level 5 in Armour
 12616 | Lair:1   | Got a jewelled quick blade {god gift}
 12740 | Lair:1   | Identified the +1 quick blade of Liacaso {protect, Str+5 Int+3} (Okawaru gifted it to you on level 1 of the Lair of Beasts)
 13007 | Lair:1   | Killed a death yak
 13264 | Lair:1   | Killed a death yak
 13264 | Lair:1   | Reached skill level 9 in Shields
 13264 | Lair:1   | Reached skill level 4 in Invocations
 13344 | Lair:2   | Killed a death yak
 13806 | Lair:3   | Received a gift from Okawaru
 13807 | Lair:3   | Got a dazzling ring mail {god gift}
 13862 | Lair:2   | Identified the +5 ring mail "Bef Qal" {Int-5 Dex+3 Stlth+} (Okawaru gifted it to you on level 3 of the Lair of Beasts)
 13961 | Lair:3   | Noticed a five-headed hydra
 13971 | Lair:3   | Killed a five-headed hydra
 13971 | Lair:3   | Reached skill level 6 in Armour
 13971 | Lair:3   | Reached XP level 13. HP: 68/82 MP: 13/16
 13973 | Lair:3   | Reached skill level 5 in Invocations
 13992 | Lair:3   | Reached skill level 10 in Fighting
 14163 | Lair:3   | Reached skill level 16 in Maces & Flails
 14210 | Lair:3   | Found a staircase to the Snake Pit.
 14493 | Lair:3   | Found a runed gate.
 14494 | Lair:3   | Found a runed gate.
 14495 | Lair:3   | Found a runed gate.
 14496 | Lair:3   | Noticed Peny's ghost (journeyman MiFi)
 14710 | Lair:4   | Reached skill level 10 in Shields
 14769 | Lair:4   | Found a staircase to the Swamp.
 14779 | Lair:4   | Reached skill level 7 in Armour
 14859 | Lair:4   | Reached ****** piety under Okawaru
 15656 | Lair:5   | Received a gift from Okawaru
 15665 | Lair:5   | Noticed Urug
 15719 | Lair:5   | Killed Urug
 15719 | Lair:5   | Reached skill level 6 in Invocations
 15860 | Lair:5   | Reached skill level 11 in Shields
 16703 | Lair:6   | Entered Level 6 of the Lair of Beasts
 16794 | Lair:6   | Reached skill level 11 in Fighting
 16796 | Lair:6   | Reached skill level 8 in Armour
 16900 | Lair:6   | Received a gift from Okawaru
 16910 | Lair:6   | Gained mutation: Your large and strong wings let you fly indefinitely. [Gargoyle growth]
 16910 | Lair:6   | Reached XP level 14. HP: 68/90 MP: 19/19
 16976 | Lair:6   | Found a dark tunnel.
 16983 | Lair:6   | Reached skill level 7 in Invocations
 16989 | Volcano  | Entered a volcano
 17217 | Lair:6   | Reached skill level 12 in Shields
 17552 | Lair:6   | Found a viscous altar of Jiyva.
 17553 | Lair:6   | Found a staircase to the Slime Pits.
 17673 | Lair:6   | Found the +2 robe of Vines {NoPotionHeal Regen+7}
 17758 | Lair:6   | Reached skill level 9 in Armour
 19456 | D:13     | Reached skill level 13 in Shields
 19551 | D:13     | Reached skill level 12 in Fighting
 19570 | D:13     | Found a gate to the Vaults.
 19708 | D:13     | Found a flagged portal.
 19725 | Bailey   | Entered a bailey
 19857 | Bailey   | Received a gift from Okawaru
 19858 | Bailey   | Got a translucent shield {god gift}
 19883 | Bailey   | Identified the +0 shield of the Trees {rElec rC- Regen+ Dex-4} (Okawaru gifted it to you in a bailey)
 19927 | Bailey   | Got a wavering steel ring
 20104 | D:13     | Identified the ring of the Elephant {rCorr *Slow rElec rN+ Int+2} (You took it off a kobold in a bailey)
 20562 | D:13     | Reached skill level 10 in Armour
 20940 | D:14     | Reached XP level 15. HP: 80/97 MP: 20/20
 21240 | D:14     | Reached skill level 14 in Shields
 21962 | D:15     | Entered Level 15 of the Dungeon
 21981 | D:15     | Found a staircase to the Depths.
 22505 | D:15     | Reached skill level 13 in Fighting
 22681 | D:15     | Received a gift from Okawaru
 22702 | D:15     | Reached skill level 11 in Armour
 22703 | D:15     | Reached skill level 15 in Shields
 22812 | D:15     | Got an ancient ring mail {god gift}
 23370 | D:14     | Identified the +5 ring mail "Elubb" {+Inv} (Okawaru gifted it to you on level 15 of the Dungeon)
 23534 | D:15     | Learned a level 1 spell: Summon Butterflies
 23536 | D:15     | Learned a level 1 spell: Apportation
 23539 | D:15     | Learned a level 2 spell: Song of Slaying
 24247 | Snake:1  | Entered Level 1 of the Snake Pit
 24301 | Snake:1  | Reached skill level 1 in Translocations
 24311 | Snake:1  | Reached skill level 1 in Charms
 24311 | Snake:1  | Reached skill level 1 in Summonings
 24363 | Snake:1  | Found Cafut's Book Shoppe.
 24581 | Snake:1  | Reached skill level 12 in Armour
 24668 | Snake:1  | Reached XP level 16. HP: 86/105 MP: 21/21
 24721 | Snake:1  | Reached skill level 2 in Translocations
 24760 | Snake:1  | Reached skill level 2 in Charms
 24760 | Snake:1  | Reached skill level 2 in Summonings
 24860 | Snake:1  | Received a gift from Okawaru
 24862 | Snake:1  | Got a pitted quarterstaff {god gift}
 25566 | Snake:2  | Reached skill level 14 in Fighting
 25756 | Snake:2  | Reached skill level 3 in Translocations
 25852 | Snake:2  | Reached skill level 3 in Charms
 25852 | Snake:2  | Reached skill level 3 in Summonings
 26734 | Snake:3  | Received a gift from Okawaru
 26735 | Snake:3  | Got an ichor-stained lajatang {god gift}
 27506 | Snake:3  | Reached skill level 4 in Translocations
 27659 | Snake:3  | Reached skill level 4 in Summonings
 27663 | Snake:3  | Reached skill level 4 in Charms
 27934 | Snake:3  | Learned a level 4 spell: Passage of Golubria
 28087 | Snake:4  | Entered Level 4 of the Snake Pit
 28087 | Snake:4  | Noticed Aizul
 28113 | Snake:3  | Killed Aizul
 28113 | Snake:3  | Received a gift from Okawaru
 28177 | Snake:3  | Reached skill level 13 in Armour
 28548 | Snake:3  | Got a jet-encrusted ring mail
 28559 | Snake:3  | Identified the cursed +0 ring mail of Virtue {rPois Stlth+} (You found it on level 3 of the Snake Pit)
 29357 | Snake:4  | Reached skill level 15 in Fighting
 29546 | Snake:4  | Received a gift from Okawaru
 29546 | Snake:4  | Reached XP level 17. HP: 82/113 MP: 22/22
 29558 | Snake:4  | Got a transparent double sword {god gift}
 29559 | Snake:4  | Identified the +0 double sword "Neinin" {venom, rC++ Str-2 Int+5} (Okawaru gifted it to you on level 4 of the Snake Pit)
 30193 | Snake:4  | Reached skill level 14 in Armour
 30920 | Snake:4  | Received a gift from Okawaru
 30920 | Snake:4  | Reached skill level 16 in Fighting
 30950 | Snake:4  | Got a serpentine rune of Zot
 31147 | Swamp:1  | Entered Level 1 of the Swamp
 32261 | Swamp:1  | Reached skill level 15 in Armour
 33944 | Swamp:3  | Reached skill level 17 in Fighting
 34125 | Swamp:3  | Received a gift from Okawaru
 34284 | Swamp:3  | Reached XP level 18. HP: 109/123 MP: 23/23
 34611 | Swamp:4  | Entered Level 4 of the Swamp
 35022 | Swamp:4  | Reached skill level 16 in Armour
 35629 | Swamp:4  | Noticed the 27-headed Lernaean hydra
 36278 | Swamp:4  | Got a decaying rune of Zot
 36644 | Orc:1    | Entered Level 1 of the Orcish Mines
 36832 | Orc:1    | Noticed Fannar
 37101 | D:9      | Killed Fannar
 37136 | Orc:1    | Found a roughly hewn altar of Beogh.
 37474 | Orc:1    | Reached skill level 18 in Fighting
 37481 | Orc:1    | Received a gift from Okawaru
 37482 | Orc:1    | Got a warped crystal plate armour {god gift}
 37511 | Orc:1    | Identified the +5 crystal plate armour of Morality {+Inv Regen+} (Okawaru gifted it to you on level 1 of the Orcish Mines)
 37734 | Orc:2    | Entered Level 2 of the Orcish Mines
 38064 | Orc:2    | Found a staircase to the Elven Halls.
 38317 | Orc:2    | Paralysed by an ogre mage for 7 turns
 38449 | Orc:2    | Reached skill level 17 in Armour
 38939 | Orc:2    | Found Xefracw's Distillery.
 38939 | Orc:2    | Found Dyjagi Deto's Magic Scroll Shoppe.
 38940 | Orc:2    | Found Syoxyczu's Antique Armour Emporium.
 38940 | Orc:2    | Found Loanun's General Store.
 38947 | Orc:2    | Bought a potion of heal wounds for 85 gold pieces
 38947 | Orc:2    | Bought a potion of heal wounds for 85 gold pieces
 38947 | Orc:2    | Bought a potion of heal wounds for 85 gold pieces
 38947 | Orc:2    | Bought a potion of curing for 51 gold pieces
 38949 | Orc:2    | Bought a scroll of identify for 30 gold pieces
 38950 | Orc:2    | Bought a scroll of magic mapping for 52 gold pieces
 38950 | Orc:2    | Bought a scroll of blinking for 112 gold pieces
 38950 | Orc:2    | Bought a scroll of identify for 30 gold pieces
 38950 | Orc:2    | Bought a scroll of identify for 30 gold pieces
 38950 | Orc:2    | Bought a scroll of identify for 30 gold pieces
 38950 | Orc:2    | Bought a scroll of fog for 30 gold pieces
 39254 | Elf:1    | Entered Level 1 of the Elven Halls
 39281 | Elf:1    | You are sucked into a shaft!
 39373 | Elf:2    | Noticed a deep elf blademaster
 39397 | Elf:2    | Killed a deep elf blademaster
 39433 | Elf:2    | Found a runed gate.
 39433 | Elf:2    | Found a runed gate.
 39433 | Elf:2    | Found a runed gate.
 39459 | Elf:2    | Received a gift from Okawaru
 39475 | Elf:2    | Reached XP level 19. HP: 132/132 MP: 24/24
 39477 | Elf:2    | Got a faintly humming hat {god gift}
 39572 | Elf:2    | Identified the +2 hat "Veuvoum" {*Slow +Blink rF++ Dex+2} (Okawaru gifted it to you on level 2 of the Elven Halls)
 39819 | Elf:2    | Reached skill level 19 in Fighting
 39937 | Elf:2    | Reached skill level 18 in Armour
 40463 | Elf:1    | Noticed Roxanne
 40887 | Elf:1    | Noticed an Ice Fiend
 41419 | Elf:1    | Noticed a Tzitzimitl
 41424 | Elf:1    | Noticed a Brimstone Fiend
 41576 | Elf:1    | Noticed an Ice Fiend
 41593 | Elf:1    | Killed an Ice Fiend
 41908 | Elf:1    | Killed Roxanne
 41909 | Elf:1    | Identified Roxanne's Compendium of Transformation (You took it off Roxanne on level 1 of the Elven Halls)
 41941 | Elf:3    | Entered Level 3 of the Elven Halls
 41962 | Elf:3    | Received a gift from Okawaru
 42485 | Elf:3    | Identified a potion of resistance
 42573 | Elf:3    | Received a gift from Okawaru
 42764 | Elf:3    | Reached skill level 20 in Fighting
 42768 | Elf:3    | Reached skill level 19 in Armour
 42778 | Elf:3    | Found Ciuffusk's Antique Armour Shop.
 42803 | Elf:3    | Bought an embroidered cloak for 322 gold pieces
 42803 | Elf:3    | Bought a shiny helmet for 322 gold pieces
 42876 | Elf:3    | Found Ciuffusk's Antique Armour Shop.
 43335 | Elf:3    | You are cast into the Abyss!
 43335 | Elf:3    | Cast into level 2 of the Abyss (a deep elf sorcerer)
 43426 | Elf:3    | You pass through the gate.
 43426 | Elf:3    | Escaped the Abyss
 43553 | Elf:3    | Reached XP level 20. HP: 119/140 MP: 23/25
 43842 | Elf:3    | HP: 13/142 [Ice Fiend/bolt of cold[a deep elf demonologist] (43)]
 44358 | Elf:3    | Found Ciuffusk's Antique Armour Shop.
 44722 | Elf:3    | Found the +7 longbow "Piercer" {penet, EV-2}
 45440 | Vaults:1 | Entered Level 1 of the Vaults
 45577 | Vaults:1 | Received a gift from Okawaru
 45578 | Vaults:1 | Got a polished crystal plate armour {god gift}
 45701 | Vaults:1 | Identified the +6 crystal plate armour of the Shrike {Str+2} (Okawaru gifted it to you on level 1 of the Vaults)
 45854 | Vaults:1 | Reached skill level 20 in Armour
 45979 | Vaults:1 | Found Ipulamaqu's Food Shop.
 46409 | Vaults:1 | Reached skill level 21 in Fighting
 47633 | Vaults:1 | Received a gift from Okawaru
 47633 | Vaults:1 | Reached XP level 21. HP: 102/148 MP: 20/26
 47634 | Vaults:1 | Got a heavily runed shield {god gift}
 47797 | Vaults:1 | Identified the +1 shield "Iqeikure" {Int+4} (Okawaru gifted it to you on level 1 of the Vaults)
 47841 | Vaults:1 | Got a translucent amber ring
 47843 | Vaults:1 | Identified the ring of Ohioraa {Wiz rElec rF+ Dex-3} (You found it on level 1 of the Vaults)
 47957 | Vaults:1 | Noticed a golden dragon
 47966 | Vaults:1 | Reached skill level 16 in Shields
 47981 | Vaults:1 | Killed a golden dragon
 48105 | Vaults:1 | Got a bound granite ring
 48107 | Vaults:1 | Identified the ring "Touhol" {Ice Dex+6 Stlth+} (You found it on level 1 of the Vaults)
 48553 | Vaults:2 | Found a shattered altar of Ashenzari.
 49354 | Vaults:2 | Reached skill level 21 in Armour
 49539 | Vaults:2 | Reached skill level 22 in Fighting
 49591 | Vaults:2 | Reached skill level 17 in Shields
 49631 | Vaults:2 | Received a gift from Okawaru
 49632 | Vaults:2 | Got a crude chain mail {god gift}
 50323 | Temple   | Fell from the grace of Okawaru
 50323 | Temple   | Became a worshipper of Zin the Law-Giver
 50323 | Temple   | Reached * piety under Zin
 50323 | Temple   | Reached ** piety under Zin
 50599 | Vaults:3 | Reached *** piety under Zin
 51343 | Vaults:3 | Reached XP level 22. HP: 156/156 MP: 27/27
 51477 | Vaults:3 | Noticed Bai Suzhen
 51518 | Vaults:3 | Killed Bai Suzhen
 51518 | Vaults:3 | Reached skill level 8 in Invocations
 51641 | Vaults:3 | Found a staircase to the Crypt.
 51817 | Crypt:1  | Entered Level 1 of the Crypt
 51851 | Crypt:1  | Found a magical portal.
 51857 | WizLab   | Entered Cigotuvi's Fleshworks
 52497 | WizLab   | Reached **** piety under Zin
 52497 | WizLab   | Reached skill level 9 in Invocations
 53004 | WizLab   | Identified Weutiach's Guide on Transmigration
 53053 | WizLab   | Identified Cigotuvi's Tome of Transmutation
 53055 | WizLab   | Identified the Incunabulum of Changing
 53417 | WizLab   | Gained mutation: You are clumsy. (Dex -2) [mutagenic glow]
 53572 | WizLab   | Paralysed by a floating eye for 3 turns
 53729 | WizLab   | Paralysed by a floating eye for 4 turns
 54012 | WizLab   | Found the -2 hat of the Alchemist {rElec rPois rF+ rC+ rN+ MR+ rMut rCorr}
 54344 | Crypt:1  | Reached skill level 10 in Invocations
 54366 | Crypt:1  | Reached ***** piety under Zin
 55103 | Crypt:1  | Noticed a curse skull
 55141 | Crypt:1  | Killed a curse skull
 55660 | Crypt:1  | Found a basalt altar of Yredelemnul.
 55750 | Crypt:1  | Reached ****** piety under Zin
 56418 | Crypt:1  | Found an ancient bone altar of Kikubaaqudgha.
 56499 | Crypt:2  | Reached skill level 11 in Invocations
 56530 | Crypt:2  | Noticed Margery
 57161 | Crypt:1  | Found an ancient bone altar of Kikubaaqudgha.
 57484 | Crypt:1  | Found a basalt altar of Yredelemnul.
 57966 | Crypt:2  | Was forgiven by Okawaru
 57992 | Crypt:2  | Killed Margery
 57992 | Crypt:2  | Reached XP level 23. HP: 121/164 MP: 31/31
 58105 | Crypt:2  | Reached skill level 18 in Shields
 58507 | Crypt:3  | Entered Level 3 of the Crypt
 58652 | Crypt:3  | Noticed Saint Roka
 58686 | Crypt:3  | Killed Saint Roka
 58686 | Crypt:3  | Reached skill level 12 in Invocations
 59063 | Crypt:3  | Reached skill level 22 in Armour
 59227 | Crypt:3  | Found an ancient bone altar of Kikubaaqudgha.
 59380 | Crypt:3  | Paralysed by a vampire knight for 7 turns
 59913 | Crypt:3  | Reached skill level 13 in Invocations
 59997 | Crypt:3  | Got a scintillating jade ring
 60012 | Crypt:3  | Reached skill level 23 in Fighting
 60181 | Crypt:3  | Got a transparent amber ring
 60181 | Crypt:3  | Got a faintly glowing wooden ring
 60184 | Crypt:3  | Identified the ring "Kuredics" {rElec rN+ Int+7 Dex+2} (You took it off a vampire mage on level 3 of the Crypt)
 60186 | Crypt:3  | Identified the ring "Los Keotopn" {rC+ rN+} (You found it on level 3 of the Crypt)
 60187 | Crypt:3  | Identified the ring "Zylottef" {rC+ rN+} (You found it on level 3 of the Crypt)
 60576 | Crypt:3  | Found a staircase to the Tomb.
 60670 | Crypt:3  | Noticed Jory
 60695 | Crypt:3  | Killed Jory
 60997 | Crypt:3  | Lost mutation: You are clumsy. (Dex -2) [potion of mutation]
 61957 | Vaults:4 | Found Oteaniox's Book Boutique.
 62557 | Vaults:4 | Reached skill level 14 in Invocations
 62711 | Vaults:5 | Entered Level 5 of the Vaults
 62762 | Vaults:4 | Reached XP level 24. HP: 170/171 MP: 33/33
 63587 | Vaults:4 | Reached skill level 19 in Shields
 63591 | Vaults:4 | Reached skill level 15 in Invocations
 64091 | Vaults:4 | Paralysed by a sphinx for 2 turns
 64104 | Vaults:4 | Paralysed by a sphinx for 2 turns
 65307 | Vaults:5 | Reached skill level 16 in Invocations
 65433 | Vaults:5 | Reached XP level 25. HP: 151/178 MP: 35/35
 65483 | Vaults:5 | Reached skill level 23 in Armour
 65787 | Vaults:5 | Got a silver rune of Zot
 66127 | Vaults:5 | Identified a +2 pair of boots of running (You found it on level 5 of the Vaults)
 66412 | Depths:1 | Entered Level 1 of the Depths
 66412 | Depths:1 | Found an iron altar of Okawaru.
 66865 | Depths:1 | Found a gateway to Hell.
 67008 | Depths:1 | Found Pastoka's Weapon Shop.
 67135 | Depths:1 | Found a one-way gate to the infinite horrors of the Abyss.
 67200 | Depths:2 | Reached skill level 17 in Invocations
 67589 | Depths:2 | Reached skill level 24 in Fighting
 68022 | Depths:2 | Noticed Mara
 68027 | Depths:2 | Noticed MothsLongingForFire's illusion
 68043 | Depths:2 | Killed Mara
 68271 | Depths:2 | Noticed an ancient lich
 68273 | Depths:2 | Paralysed by an ancient lich for 7 turns
 68284 | Depths:2 | Killed an ancient lich
 68284 | Depths:2 | Reached skill level 20 in Shields
 69002 | Depths:3 | Reached skill level 18 in Invocations
 69249 | Depths:3 | Found Vumimaz's Blood Bar.
 69273 | Depths:3 | Paralysed by a floating eye for 3 turns
 69460 | Depths:3 | Reached XP level 26. HP: 184/184 MP: 36/36
 69580 | Depths:3 | Found a one-way gate leading to the halls of Pandemonium.
 70113 | Depths:4 | Found a runed door.
 70113 | Depths:4 | Noticed a juggernaut
 70113 | Depths:4 | Noticed a juggernaut
 70114 | Depths:4 | Found a runed door.
 70114 | Depths:4 | Found a runed door.
 70319 | Depths:4 | Killed a juggernaut
 70334 | Depths:4 | Killed a juggernaut
 70458 | Depths:4 | Reached skill level 19 in Invocations
 71062 | Depths:4 | Paralysed by a floating eye for 3 turns
 71346 | Depths:4 | Identified the Reference Book on Displacement
 71389 | Depths:4 | Found the +7 sceptre of Torment
 71644 | Depths:4 | Reached skill level 24 in Armour
 71720 | Depths:4 | Found a blossoming altar of Fedhas.
 72152 | Depths:4 | Found a gateway to a ziggurat.
 72213 | Depths:4 | Reached skill level 21 in Shields
 72213 | Depths:4 | Reached XP level 27. HP: 165/192 MP: 36/36
 72266 | Depths:4 | Reached skill level 20 in Invocations
 72981 | Depths:4 | Got a fine plate armour
 72982 | Depths:4 | Identified the +3 plate armour "Yfynteal" {Regen+ rCorr Dex+4 Slay+3} (You found it on level 4 of the Depths)
 73194 | Depths:4 | Reached skill level 25 in Fighting
 73718 | Depths:5 | Entered Level 5 of the Depths
 74480 | Depths:5 | Reached skill level 21 in Invocations
 74776 | Depths:5 | Noticed Sojobo
 74790 | Depths:5 | Killed Sojobo
 75056 | Depths:5 | Found a gate to the Realm of Zot.
 75116 | Zot:1    | Entered Level 1 of the Realm of Zot
 75617 | Zot:1    | Noticed a curse toe
 75630 | Zot:1    | Killed a curse toe
 76056 | Zot:2    | Noticed a curse toe
 76084 | Zot:1    | Killed a curse toe
 76273 | Zot:2    | Noticed a curse toe
 76287 | Zot:2    | Killed a curse toe
 76368 | Zot:2    | Reached skill level 22 in Invocations
 76370 | Zot:2    | Reached skill level 22 in Shields
 76501 | Zot:3    | Reached skill level 25 in Armour
 77680 | Zot:3    | Noticed an electric golem
 77693 | Zot:3    | Killed an electric golem
 77963 | Zot:3    | Reached skill level 26 in Fighting
 78356 | Zot:3    | Reached skill level 23 in Invocations
 78577 | Zot:3    | Found a runed door.
 78579 | Zot:3    | Noticed Izxoet's ghost (legendary NaFi)
 78619 | Zot:3    | Noticed an electric golem
 79354 | Zot:3    | Got a fine plate armour
 79355 | Zot:3    | Identified the +8 plate armour "Heogog" {rC+} (You found it on level 3 of the Realm of Zot)
 80376 | Slime:1  | Entered Level 1 of the Pits of Slime
 81947 | Slime:1  | HP: 19/196 [acid (18)]
 83421 | Slime:4  | Noticed Dissolution
 83434 | Slime:4  | Killed Dissolution
 83459 | Slime:3  | Reached skill level 23 in Shields
 83638 | Slime:5  | Entered Level 5 of the Pits of Slime
 83640 | Slime:5  | Reached skill level 24 in Invocations
 84656 | Slime:5  | Found a viscous altar of Jiyva.
 84656 | Slime:5  | Noticed the Royal Jelly
 84764 | Slime:5  | Killed the Royal Jelly
 84847 | Slime:5  | Got a slimy rune of Zot
 84859 | Slime:5  | Identified the Guide on Boosts and Orientation
 84913 | Slime:5  | Got a pair of spiked boots
 84924 | Slime:5  | Identified the cursed -3 pair of boots of Fonooxy {-Tele rPois Dex-2 SInv} (You found it on level 5 of the Pits of Slime)
 86672 | Depths:1 | Voluntarily entered the Abyss.
 86862 | Abyss:1  | Reached skill level 26 in Armour
 87435 | Abyss:2  | Got a scorched helmet
 87436 | Abyss:2  | Identified the +0 helmet "Sog Veduym" {rN+ rCorr} (You found it on level 2 of the Abyss)
 87453 | Abyss:2  | Found a corrupted altar of Lugonu.
 87811 | Abyss:3  | Found a corrupted altar of Lugonu.
 87927 | Abyss:3  | Paralysed by accursed screaming for 1 turns
 87933 | Abyss:3  | Paralysed by accursed screaming for 1 turns
 88242 | Abyss:3  | Paralysed by accursed screaming for 1 turns
 88245 | Abyss:3  | Reached skill level 24 in Shields
 88248 | Abyss:3  | Paralysed by accursed screaming for 2 turns
 88257 | Abyss:3  | Paralysed by accursed screaming for 1 turns
 88443 | Depths:1 | You pass through the gate.
 88443 | Depths:1 | Escaped the Abyss
 88710 | Depths:1 | Voluntarily entered the Abyss.
 88710 | Abyss:1  | Found a corrupted altar of Lugonu.
 88912 | Abyss:1  | Reached skill level 27 in Fighting
 89120 | Abyss:1  | Found a corrupted altar of Lugonu.
 89428 | Abyss:2  | Reached skill level 25 in Invocations
 89743 | Abyss:2  | Found a corrupted altar of Lugonu.
 89856 | Abyss:2  | Found a corrupted altar of Lugonu.
 90081 | Abyss:2  | Found a corrupted altar of Lugonu.
 90232 | Abyss:2  | Found a roughly hewn altar of Beogh.
 90241 | Abyss:2  | Found a roughly hewn altar of Beogh.
 90748 | Abyss:3  | Reached skill level 25 in Shields
 90757 | Abyss:3  | Found a snail-covered altar of Cheibriados.
 90905 | Abyss:3  | Got an abyssal rune of Zot
 90917 | Abyss:3  | Found a snail-covered altar of Cheibriados.
 90960 | Abyss:3  | Reached skill level 27 in Armour
 91007 | Abyss:3  | Paralysed by accursed screaming for 2 turns
 91059 | Abyss:3  | Paralysed by accursed screaming for 2 turns
 91416 | Abyss:3  | Found a corrupted altar of Lugonu.
 91484 | Abyss:3  | Reached skill level 26 in Invocations
 91875 | Abyss:3  | Paralysed by accursed screaming for 1 turns
 91882 | Abyss:3  | Paralysed by accursed screaming for 2 turns
 91884 | Depths:1 | You pass through the gate.
 91884 | Depths:1 | Escaped the Abyss
 92942 | Zot:3    | Found the ring of Robustness {AC+8}
 92969 | Zot:3    | Got a heavily runed tin ring
 92970 | Zot:3    | Identified the ring of Dissent {rPois rF+ rN+ Str-4 Stlth-} (You found it on level 3 of the Realm of Zot)
 93422 | Zot:3    | Killed an electric golem
 93472 | Zot:3    | Noticed an electric golem
 93472 | Zot:3    | Noticed a curse toe
 93570 | Zot:3    | HP: 15/199 [green draconian monk[Izxoet's ghost] (30)]
 94173 | Zot:3    | Noticed an orb of fire
 94173 | Zot:3    | Killed Izxoet's ghost
 95107 | Zot:4    | Found the ring of Shadows {Umbra +Inv Stlth+}
 95204 | Zot:4    | Noticed an orb of fire
 95224 | Zot:4    | Killed an orb of fire
 95589 | Zot:5    | Entered Level 5 of the Realm of Zot
 95612 | Zot:5    | Reached skill level 1 in Dodging
 95998 | Zot:5    | Reached skill level 2 in Dodging
 96086 | Zot:5    | Noticed an electric golem
 96105 | Zot:5    | Reached skill level 27 in Invocations
 96118 | Zot:5    | Reached skill level 3 in Dodging
 96137 | Zot:5    | Killed an electric golem
 96327 | Zot:5    | Noticed an electric golem
 96343 | Zot:5    | Killed an electric golem
 96453 | Zot:5    | Reached skill level 4 in Dodging
 96669 | Zot:5    | Reached skill level 5 in Dodging
 96992 | Zot:5    | Noticed an ancient lich
 97006 | Zot:5    | Killed an ancient lich
 97006 | Zot:5    | Reached skill level 6 in Dodging
 97177 | Zot:5    | Reached skill level 7 in Dodging
 97252 | Zot:5    | Noticed an orb of fire
 97262 | Zot:5    | Noticed an orb of fire
 97262 | Zot:5    | Noticed an orb of fire
 97508 | Zot:4    | Killed an orb of fire
 97508 | Zot:4    | Reached skill level 8 in Dodging
 97769 | Zot:4    | Killed an orb of fire
 97813 | Zot:4    | Killed an orb of fire
 97813 | Zot:4    | Reached skill level 9 in Dodging
 98030 | Zot:5    | Noticed an orb of fire
 98042 | Zot:5    | Noticed an orb of fire
 98063 | Zot:5    | Killed an orb of fire
 98073 | Zot:5    | Reached skill level 10 in Dodging
 98091 | Zot:5    | Killed an orb of fire
 98127 | Zot:5    | Reached skill level 11 in Dodging
 98342 | Zot:5    | Noticed an ancient lich
 98357 | Zot:5    | Killed an ancient lich
 98439 | Zot:5    | Noticed a curse toe
 98459 | Zot:5    | Killed a curse toe
 98464 | Zot:5    | Noticed an orb of fire
 98858 | Zot:5    | Killed an orb of fire
 98858 | Zot:5    | Reached skill level 12 in Dodging
 99550 | Zot:5    | Noticed an orb of fire
 99572 | Zot:5    | Noticed an orb of fire
 99692 | Zot:5    | Killed an orb of fire
 99692 | Zot:5    | Reached skill level 13 in Dodging
 99873 | Zot:5    | Reached skill level 1 in Throwing
 99887 | Zot:5    | Reached skill level 2 in Throwing
 99999 | Zot:5    | Reached skill level 3 in Throwing
100030 | Zot:5    | Killed an orb of fire
100041 | Zot:5    | Reached skill level 4 in Throwing
101413 | Swamp:4  | Killed the 27-headed Lernaean hydra
101413 | Swamp:4  | Reached skill level 5 in Throwing
101420 | Swamp:4  | Reached skill level 14 in Dodging
101963 | Tomb:1   | Entered Level 1 of the Tomb of the Ancients
102144 | Tomb:1   | Reached skill level 6 in Throwing
102322 | Tomb:1   | Noticed a greater mummy
102346 | Tomb:1   | Killed a greater mummy
102870 | Tomb:1   | Identified the Handbook of Black Secrets
102983 | Tomb:1   | Reached skill level 7 in Throwing
103369 | Tomb:2   | Noticed a greater mummy
103369 | Tomb:2   | Noticed a greater mummy
103369 | Tomb:2   | Noticed a greater mummy
103370 | Tomb:2   | Noticed an ancient lich
103593 | Tomb:2   | Killed a greater mummy
103629 | Tomb:2   | Killed a greater mummy
103638 | Tomb:2   | Killed an ancient lich
103638 | Tomb:2   | Reached skill level 8 in Throwing
103649 | Tomb:2   | Killed a greater mummy
103685 | Tomb:2   | Reached skill level 15 in Dodging
104134 | Tomb:2   | Reached skill level 9 in Throwing
104700 | Tomb:1   | Noticed a greater mummy
104700 | Tomb:1   | Noticed a greater mummy
104701 | Tomb:1   | Noticed a greater mummy
104702 | Tomb:1   | Noticed a greater mummy
104703 | Tomb:1   | Noticed a greater mummy
104708 | Tomb:1   | Noticed a greater mummy
104714 | Tomb:1   | Killed a greater mummy
104718 | Tomb:1   | Noticed a greater mummy
104718 | Tomb:1   | Noticed a greater mummy
104719 | Tomb:1   | Noticed a greater mummy
105248 | Tomb:1   | Killed a greater mummy
105256 | Tomb:1   | Killed a greater mummy
106135 | Tomb:1   | Noticed a greater mummy
106146 | Tomb:1   | Killed a greater mummy
106502 | Tomb:1   | Killed a greater mummy
106502 | Tomb:1   | Reached skill level 10 in Throwing
106515 | Tomb:1   | Killed a greater mummy
106541 | Tomb:1   | Noticed a greater mummy
106548 | Tomb:1   | Killed a greater mummy
106598 | Tomb:1   | Killed a greater mummy
106663 | Tomb:1   | Noticed a greater mummy
106674 | Tomb:1   | Killed a greater mummy
106689 | Tomb:1   | Killed a greater mummy
106973 | Tomb:1   | Noticed a greater mummy
106995 | Tomb:1   | Killed a greater mummy
106995 | Tomb:1   | Reached skill level 11 in Throwing
106995 | Tomb:1   | Reached skill level 16 in Dodging
107221 | Tomb:1   | Noticed a greater mummy
107242 | Tomb:1   | Killed a greater mummy
107480 | Tomb:1   | Noticed a greater mummy
107501 | Tomb:1   | Killed a greater mummy
107582 | Tomb:1   | Killed a greater mummy
107756 | Tomb:1   | Killed a greater mummy
108064 | Tomb:3   | Entered Level 3 of the Tomb of the Ancients
108125 | Tomb:3   | Reached skill level 12 in Throwing
108155 | Tomb:3   | Noticed a greater mummy
108496 | Tomb:3   | Noticed a greater mummy
108497 | Tomb:3   | Noticed a greater mummy
108497 | Tomb:3   | Noticed a greater mummy
108497 | Tomb:3   | Noticed a greater mummy
108531 | Tomb:2   | Killed a greater mummy
108870 | Tomb:3   | Noticed a greater mummy
108872 | Tomb:3   | Noticed a greater mummy
108891 | Tomb:3   | Killed a greater mummy
108895 | Tomb:3   | Noticed a greater mummy
108952 | Tomb:3   | Killed a greater mummy
108975 | Tomb:3   | Killed a greater mummy
108975 | Tomb:3   | Reached skill level 17 in Dodging
108986 | Tomb:3   | Found the +9 sword of Zonguldrok {reap}
109396 | Tomb:3   | Noticed a greater mummy
109415 | Tomb:3   | Killed a greater mummy
109415 | Tomb:3   | Reached skill level 13 in Throwing
109854 | Tomb:3   | Killed a greater mummy
109901 | Tomb:3   | Killed a greater mummy
110040 | Tomb:3   | Killed a greater mummy
110054 | Tomb:3   | Killed a greater mummy
110324 | Tomb:3   | Got a flickering glass ring
110325 | Tomb:3   | Identified the ring of Qoatot {rPois Int+2 Slay+3} (You found it on level 3 of the Tomb of the Ancients)
110724 | Tomb:3   | Got a warped ivory amulet
110725 | Tomb:3   | Identified the amulet "Xolohimm" {Harm *Contam *Drain rF+ Int+8} (You found it on level 3 of the Tomb of the Ancients)
110757 | Tomb:3   | Got a scintillating zirconium amulet
110758 | Tomb:3   | Identified the amulet "Weck" {Faith rPois Int+4} (You found it on level 3 of the Tomb of the Ancients)
110761 | Tomb:3   | Identified the Volume of Black Rites and the Escort
110790 | Tomb:3   | Got a crude marble ring
110791 | Tomb:3   | Identified the ring "Kaup Weth" {rF+ Str+5 Int+4} (You found it on level 3 of the Tomb of the Ancients)
110796 | Tomb:3   | Got a transparent ruby amulet
110797 | Tomb:3   | Identified the amulet "Moimekun" {Acrobat rC- Str+5 Dex+5} (You found it on level 3 of the Tomb of the Ancients)
110964 | Tomb:3   | Got a golden rune of Zot
112146 | Zot:5    | Got the Orb of Zot
112222 | Zot:5    | Noticed a curse toe
112255 | Zot:5    | Noticed Jate the pandemonium lord
112917 | D:$      | Escaped with the Orb!

Vanquished Creatures
  the Royal Jelly (Slime:5)
  Dissolution (Slime:4)
  4 ancient liches
  The ghost of Izxoet the Impregnable, a legendary NaFi of Okawaru (Zot:3)
  9 orbs of fire
  Mara (Depths:2)
  2 juggernauts (Depths:4)
  Sojobo (Depths:5)
  27 greater mummies
  Bai Suzhen (Vaults:3)
  Margery (Crypt:2)
  4 Killer Klowns (Zot:5)
  Saint Roka (Crypt:3)
  the Lernaean hydra (Swamp:4)
  4 curse toes
  11 golden dragons
  3 profane servitors
  Jory (Crypt:3)
  7 bone dragons
  A mutant beast (WizLab)
  4 electric golems
  16 tentacled monstrosities
  A hellephant (Abyss:1)
  An Ice Fiend (Elf:1)
  27 Orb Guardians
  8 quicksilver dragons
  13 titans
  7 deep elf blademasters
  6 liches
  3 deep elf master archers
  13 sphinxes
  An acid blob (shapeshifter) (Vaults:5)
  25 tentacled starspawn
  3 Executioners
  8 death cobs
  Gastronok (D:8)
  6 thorn hunters
  34 acid blobs
  15 tengu reavers
  19 shadow dragons
  5 ancient champions
  7 draconian monks
  17 fire giants
  16 storm dragons
  Roxanne (Elf:1)
  6 nagarajas (Snake:4)
  11 vault wardens
  18 azure jellies
  An azure jelly (shapeshifter) (Vaults:5)
  9 revenants
  32 frost giants
  Aizul (Snake:3)
  4 deep elf sorcerers
  3 draconian knights
  11 draconian scorchers
  4 ghost moths
  8 draconian shifters
  An orc warlord (Orc:1)
  6 iron dragons
  A curse skull (Crypt:1)
  An angel (Abyss:3)
  A balrug (Abyss:3)
  A cacodemon (Abyss:1)
  2 reapers
  10 draconian stormcallers
  12 ironheart preservers
  6 deep elf elementalists
  2 war gargoyles (Vaults:5)
  7 ghouls
  31 stone giants
  2 spriggan defenders (Depths:4)
  8 draconian annihilators
  10 black draconians
  40 very ugly things
  An ophan (Abyss:3)
  14 bennus
  11 green draconians
  An entropy weaver (Vaults:2)
  4 deep elf demonologists
  12 vampire knights
  14 spark wasps
  19 red draconians
  A minotaur (Vaults:3)
  A lorocyproca (Abyss:3)
  11 deep elf annihilators
  12 purple draconians
  2 dire elephants (Abyss:3)
  18 white draconians
  17 yellow draconians
  9 eidola
  9 death oozes (Slime:5)
  13 deep elf death magi
  A crystal guardian (Vaults:4)
  14 ettins
  A quicksilver dragon zombie (Crypt:3)
  A green death (Abyss:2)
  18 fire dragons
  10 deep elf high priests
  15 jiangshi
  15 ice dragons
  21 mummy priests
  Fannar (D:9)
  17 great orbs of eyes
  9 rakshasas
  22 yaktaur captains
  22 hydras
  A hydra (shapeshifter) (Depths:4)
  16 ogre magi
  9 spriggan air magi
  14 naga warriors
  3 ghost crabs
  38 vault guards
  A catoblepas (D:15)
  An anaconda (shapeshifter) (Depths:4)
  7 anacondas
  A catoblepas (shapeshifter) (Elf:3)
  10 centaur warriors
  38 two-headed ogres
  5 death yaks
  5 death knights
  13 alligators
  83 starcursed masses
  A satyr (Abyss:3)
  6 tengu warriors
  12 deep troll shamans
  31 dancing weapons
  2 death yaks (shapeshifter)
  Urug (Lair:5)
  24 death scarabs
  11 deep troll earth magi
  15 thrashing horrors
  6 naga sharpshooters
  6 storm dragon zombies
  19 vampire magi
  An orc high priest (Elf:1)
  3 spriggan berserkers (Depths:4)
  A fire crab (shapeshifter) (Elf:1)
  2 sun demons
  30 deep elf knights
  2 soul eaters
  6 hell knights
  6 shock serpents
  5 spriggans
  5 sixfirhies
  19 wretched stars
  7 shadow wraiths
  An iron golem (WizLab)
  A storm dragon skeleton (Abyss:3)
  A death drake (Depths:2)
  2 iron trolls (Depths:5)
  50 skeletal warriors
  A salamander mystic (Snake:4)
  9 sea snakes (Snake:3)
  A spriggan druid (Swamp:4)
  4 unseen horrors
  A spectral anaconda (Depths:2)
  5 spatial maelstroms
  An unseen horror (shapeshifter) (WizLab)
  A shadow demon (Abyss:2)
  A death drake (shapeshifter) (WizLab)
  8 swamp dragons
  8 flayed ghosts
  5 naga ritualists
  A spectral hydra (Depths:2)
  26 deep trolls
  8 shambling mangroves
  9 glowing orange brains
  8 wizards
  18 phantasmal warriors
  18 deep elf archers
  2 harpies (shapeshifter)
  2 golden dragon zombies (Crypt:3)
  52 large abominations
  2 iron dragon zombies
  A lindwurm (Lair:6)
  17 ironbrand convokers
  A lindwurm (shapeshifter) (WizLab)
  A golden dragon skeleton (Crypt:3)
  14 orc knights
  An anaconda skeleton (Crypt:3)
  6 harpies (Vaults:2)
  10 mana vipers
  11 necromancers
  7 orc sorcerers
  4 wolf spiders
  A mana viper (shapeshifter) (WizLab)
  2 wolf spider zombies
  3 orange crystal statues
  2 stone giant zombies (Crypt:1)
  An orb spider (shapeshifter) (Vaults:2)
  69 deep elf magi
  8 salamanders
  74 ugly things
  3 shining eyes
  A manticore (shapeshifter) (WizLab)
  2 shadow dragon skeletons
  2 salamanders (shapeshifter) (WizLab)
  4 cyclopes
  A frost giant skeleton (Abyss:1)
  2 oklob plants (Swamp:3)
  7 worldbinders
  A shining eye (shapeshifter) (WizLab)
  2 fire giant skeletons
  2 rust devils
  A toenail golem (Zot:1)
  5 black mambas (shapeshifter)
  15 moths of wrath
  A stone giant skeleton (Crypt:2)
  6 vault sentinels
  29 black mambas
  4 centaur zombies
  6 elephants (Lair:4)
  A torpor snail (Lair:6)
  2 water nymphs (Abyss:3)
  2 guardian serpents
  2 water nymphs (shapeshifter)
  4 apocalypse crabs (Abyss:3)
  2 eyes of devastation (shapeshifter)
  A titan simulacrum (Vaults:3)
  An alligator snapping turtle zombie (Crypt:2)
  4 dire elephant zombies
  A spiny frog (shapeshifter) (Vaults:1)
  11 naga magi
  3 eyes of devastation (Depths:3)
  A shock serpent skeleton (Abyss:1)
  4 orange demons
  32 spiny frogs
  16 smoke demons
  2 rime drakes (shapeshifter) (WizLab)
  A centaur skeleton (D:15)
  A red draconian skeleton (Crypt:3)
  A sea snake zombie (Crypt:1)
  3 hellions
  An alligator snapping turtle skeleton (Crypt:2)
  A rime drake (Lair:4)
  15 freezing wraiths
  8 komodo dragons
  A yaktaur (shapeshifter) (Vaults:4)
  A swamp worm zombie (Crypt:1)
  An ice devil (Tomb:2)
  32 yaktaurs
  An elf (WizLab)
  6 efreet
  A green draconian skeleton (Abyss:3)
  3 kobold demonologists (D:15)
  An anaconda simulacrum (Depths:2)
  56 guardian mummies
  3 spectral merfolk (Depths:2)
  4 hellwings
  10 ancient zymes
  2 harpy zombies (Crypt:1)
  3 red devils
  8 tengu conjurers
  3 hydra zombies
  8 trolls
  4 merfolk (Vaults:3)
  A sea snake skeleton (Crypt:3)
  2 meliai (shapeshifter)
  A queen bee (shapeshifter) (WizLab)
  2 trolls (shapeshifter)
  2 jumping spiders (shapeshifter)
  3 ice dragon zombies
  22 blink frogs
  3 hornets (shapeshifter)
  20 hornets
  A hydra skeleton (Abyss:2)
  14 tyrant leeches
  11 dream sheep
  A polar bear (shapeshifter) (WizLab)
  A raiju (shapeshifter) (Vaults:4)
  6 bog bodies
  A wind drake (shapeshifter) (WizLab)
  157 slime creatures
  2 hippogriffs (shapeshifter)
  5 hippogriffs
  A dream sheep (shapeshifter) (WizLab)
  A meliai zombie (D:14)
  A fire dragon zombie (Crypt:3)
  41 raiju
  2 redbacks
  12 water elementals
  19 wraiths
  An alligator skeleton (Tomb:1)
  22 flying skulls
  3 redbacks (shapeshifter)
  An air elemental (Elf:2)
  27 vampires
  10 ynoxinuls
  An ettin skeleton (Crypt:1)
  A spriggan (shapeshifter) (Depths:5)
  A human (shapeshifter) (Vaults:2)
  2 centaur simulacra
  6 shadows
  2 humans (WizLab)
  A tyrant leech zombie (Crypt:3)
  21 yaks
  A yak (shapeshifter) (Abyss:3)
  7 ushabtiu
  A fire bat (shapeshifter) (Abyss:3)
  A golden eye (shapeshifter) (D:13)
  11 golden eyes
  2 basilisks
  4 hungry ghosts
  3 fire elementals
  22 vampire mosquitoes
  15 neqoxecs
  9 chaos spawn
  Edmund (D:4)
  8 wargs
  2 wargs (shapeshifter)
  17 swamp worms
  24 insubstantial wisps
  54 nagas
  2 soldier ants (shapeshifter)
  A swamp worm (shapeshifter) (Vaults:4)
  3 acid dragons
  2 gelid demonspawn skeletons (Crypt:1)
  A glowing shapeshifter zombie (Crypt:2)
  A soldier ant (D:12)
  10 spatial vortices
  7 hell hounds
  2 spectral trolls (Depths:2)
  7 water moccasins
  2 hydra simulacra
  10 porcupines
  A floating eye (shapeshifter) (Depths:5)
  An infernal demonspawn skeleton (Crypt:2)
  7 floating eyes
  A snapping turtle zombie (Tomb:1)
  2 swamp dragon zombies (Crypt:3)
  11 swamp drakes
  A hornet zombie (D:10)
  3 ice beasts
  48 orc warriors
  7 eyes of draining
  A manticore zombie (Crypt:3)
  2 black bears (shapeshifter)
  4 black bears
  6 sky beasts
  3 eyes of draining (shapeshifter)
  2 necrophages
  4 phantoms
  18 wolves
  3 boggarts
  A swamp dragon skeleton (Crypt:1)
  60 ogres
  27 centaurs
  A crocodile (shapeshifter) (WizLab)
  14 crocodiles
  4 big kobolds
  2 hog skeletons
  4 human zombies
  A hippogriff zombie (Crypt:1)
  3 earth elementals
  An elf zombie (Crypt:3)
  32 bullfrogs
  A human simulacrum (Vaults:3)
  A wyvern zombie (D:15)
  3 wyvern skeletons
  47 small abominations
  A spectral ogre (Depths:2)
  25 killer bees
  6 scorpions
  2 water moccasin skeletons
  4 spectral nagas (Depths:2)
  22 wights
  8 howler monkeys
  2 spectral centaurs (Depths:2)
  6 electric eels
  3 crimson imps
  7 quasits
  4 bullfrog skeletons
  11 jellies
  7 hounds
  A hound (shapeshifter) (Depths:4)
  23 orc priests
  5 human skeletons
  7 iron imps
  7 iguanas
  32 orc wizards
  2 spriggan simulacra (Depths:2)
  13 worker ants
  An ogre skeleton (Crypt:3)
  A hound skeleton (D:6)
  A hound zombie (Crypt:3)
  40 mummies
  5 gnolls
  6 adders
  5 shadow imps
  A steam dragon skeleton (Crypt:2)
  6 white imps
  3 ufetubi
  4 oozes
  An adder zombie (D:7)
  2 iguana zombies
  An adder skeleton (D:9)
  An iguana skeleton (Crypt:2)
  3 worms
  2 dart slugs
  3 leopard geckos
  127 orcs
  6 bats
  4 giant cockroaches
  11 goblins
  5 hobgoblins
  5 jackals (D:2)
  5 quokkas
  2 frilled lizards
  28 kobolds
  A kobold simulacrum (Crypt:2)
  A leopard gecko skeleton (D:4)
  7 rats
  2 briar patches (Swamp:3)
  6 crawling corpses
  11 pillars of salt
  2 plants (Zot:4)
  23 starspawn tentacles
3749 creatures vanquished.

Vanquished Creatures (collateral kills)
  A greater mummy (Tomb:3)
  An ancient champion (Tomb:3)
  An ironheart preserver (Vaults:5)
  2 bennus (Tomb:3)
  A mummy priest (Tomb:3)
  A death ooze (Slime:5)
  A skeletal warrior (Tomb:3)
  3 guardian mummies (Tomb:3)
  A mummy (Tomb:3)
12 creatures vanquished.

Vanquished Creatures (others)
  A lich (Depths:4)
  6 deep elf master archers
  A deep elf blademaster (Vaults:3)
  A shadow dragon (Zot:2)
  A fire giant (Depths:1)
  A stone giant (Vaults:5)
  A bennu (Tomb:3)
  A deep elf death mage (Crypt:1)
  A merfolk javelineer (Vaults:3)
  2 deep elf high priests (Elf:3)
  3 yaktaur captains
  A centaur warrior (Depths:1)
  14 death scarabs (Tomb:2)
  A shadow wraith (Vaults:1)
  An unseen horror (Vaults:1)
  2 deep trolls (Vaults:4)
  6 deep elf magi
  A deep elf archer (Vaults:3)
  A cyclops (Vaults:2)
  2 moths of wrath (Zot:5)
  A vault sentinel (Vaults:5)
  5 yaktaurs
  A freezing wraith (Vaults:5)
  A guardian mummy (Tomb:2)
  4 flying skulls (Tomb:2)
  A wraith (Depths:2)
  A neqoxec (Tomb:2)
  A large abomination (Zot:5)
  A warg (Crypt:3)
  A swamp worm (Swamp:4)
  A swamp drake (Swamp:4)
  An orc warrior (Vaults:2)
  2 ogres (Vaults:2)
  A centaur (Vaults:3)
  2 starcursed masses (Abyss:3)
  An orc priest (Crypt:3)
  A basilisk skeleton (Crypt:1)
  3 mummies (Tomb:2)
  An ufetubus (Vaults:2)
  A ball lightning (Zot:5)
  2 orcs
  A bush (D:15)
  3 demonic plants (Abyss:2)
  34 fungi
  87 pillars of salt
  50 plants
  48 starspawn tentacles
304 creatures vanquished.

Grand Total: 4065 creatures vanquished

Table legend:
 A = Turns spent in this place as a percentage of turns spent in the entire game.
 B = Non-inter-level travel turns spent in this place as a percentage of non-inter-level travel turns spent in the entire game.
 C = Inter-level travel turns spent in this place as a percentage of turns spent in this place.
 D = Turns resting spent in this place as a percentage of non-inter-level travel turns spent in this place.
 E = Turns spent auto-exploring this place as a percentage of non-inter-level travel turns spent in this place.
 F = Non-inter-level travel turns spent in this place divided by the number of levels of this place that you've seen.
                   A       B       C       D       E      F
               +-------+-------+-------+-------+-------+----------------------
         Total | 100.0 | 100.0 |   7.9 |  28.7 |  38.1 | 1464.2
       Dungeon |  17.1 |  16.0 |  13.7 |  22.4 |  48.8 | 1109.1
        Temple |   0.3 |   0.2 |  22.5 |   0.0 |  93.3 | 224.0
          Lair |   6.7 |   6.3 |  12.6 |  16.4 |  53.8 | 1097.2
         Swamp |   5.0 |   5.1 |   5.2 |  36.6 |  32.4 | 1329.0
     Snake Pit |   6.1 |   6.2 |   5.4 |  28.5 |  42.0 | 1616.5
    Slime Pits |   4.1 |   4.3 |   3.4 |  41.9 |  23.0 | 886.2
  Orcish Mines |   2.0 |   2.0 |   7.8 |  16.6 |  44.4 | 1045.0
   Elven Halls |   5.2 |   5.4 |   4.3 |  17.5 |  45.1 | 1884.7
        Vaults |  10.4 |  10.3 |   8.5 |  26.7 |  37.8 | 2150.6
         Crypt |   6.2 |   6.4 |   5.4 |  29.4 |  36.7 | 2215.3
          Tomb |   8.1 |   8.0 |   9.4 |  62.1 |  12.3 | 2778.0
        Depths |   8.9 |   8.7 |  10.1 |  23.2 |  37.9 | 1802.4
           Zot |  13.1 |  13.4 |   5.5 |  30.4 |  42.0 | 2793.2
         Abyss |   4.5 |   4.8 |   0.0 |  12.0 |  31.3 | 719.4
        Bailey |   0.3 |   0.4 |   0.0 |   1.3 |  47.5 | 375.0
       Volcano |   0.0 |   0.0 |   0.0 |   0.0 |  14.3 |   7.0
        Wizlab |   2.1 |   2.3 |   0.0 |  46.9 |   8.3 | 2427.0
               +-------+-------+-------+-------+-------+----------------------

Table legend:
 A = Spawn XP
 B = Non-spawn XP
 C = Spawn XP percentage of total XP
 D = Spawn monster count
 E = Non-spawn monster count
 F = Spawn count percentage of total count
 G = Total turns spent on level
                    A         B        C        D         E        F      G
               +---------+---------+-------+---------+---------+-------+---------
         Total |  148513 | 2526144 |   5.6 |     258 |    3361 |   7.1 | 112917
               +---------+---------+-------+---------+---------+-------+---------
           D:1 |       0 |      42 |   0.0 |       0 |      21 |   0.0 |   892
           D:2 |       0 |      31 |   0.0 |       0 |      11 |   0.0 |   529
           D:3 |       0 |     123 |   0.0 |       0 |      29 |   0.0 |  1176
           D:4 |       0 |     705 |   0.0 |       0 |      25 |   0.0 |  1488
           D:5 |       0 |     641 |   0.0 |       0 |      11 |   0.0 |   740
           D:6 |       0 |    1630 |   0.0 |       0 |      19 |   0.0 |   995
           D:7 |       0 |     982 |   0.0 |       0 |      32 |   0.0 |  1151
           D:8 |       0 |    5164 |   0.0 |       0 |      31 |   0.0 |  1250
           D:9 |       0 |    6081 |   0.0 |       0 |      50 |   0.0 |  1471
          D:10 |       0 |    1497 |   0.0 |       0 |      16 |   0.0 |  1316
          D:11 |       0 |    5218 |   0.0 |       0 |      37 |   0.0 |  1828
          D:12 |       0 |    7120 |   0.0 |       0 |      44 |   0.0 |  1311
          D:13 |       0 |   11503 |   0.0 |       0 |      55 |   0.0 |  1544
          D:14 |       0 |    9162 |   0.0 |       0 |      31 |   0.0 |  1556
          D:15 |       0 |   28280 |   0.0 |       0 |      69 |   0.0 |  2035
        Lair:1 |       0 |    6951 |   0.0 |       0 |      19 |   0.0 |  1411
        Lair:2 |       0 |    4239 |   0.0 |       0 |      18 |   0.0 |   979
        Lair:3 |       0 |    6588 |   0.0 |       0 |      28 |   0.0 |   959
        Lair:4 |       0 |    8682 |   0.0 |       0 |      29 |   0.0 |  1261
        Lair:5 |       0 |    4373 |   0.0 |       0 |      15 |   0.0 |  1139
        Lair:6 |       0 |   20977 |   0.0 |       0 |      83 |   0.0 |  1787
       Swamp:1 |       0 |   14664 |   0.0 |       0 |      40 |   0.0 |  1340
       Swamp:2 |       0 |   10914 |   0.0 |       0 |      23 |   0.0 |  1026
       Swamp:3 |       0 |   17738 |   0.0 |       0 |      30 |   0.0 |  1702
       Swamp:4 |       0 |   31747 |   0.0 |       0 |      59 |   0.0 |  1540
       Snake:1 |       0 |   14090 |   0.0 |       0 |      27 |   0.0 |  1335
       Snake:2 |       0 |   13154 |   0.0 |       0 |      26 |   0.0 |  1550
       Snake:3 |       0 |   20142 |   0.0 |       0 |      36 |   0.0 |  1984
       Snake:4 |       0 |   36547 |   0.0 |       0 |      64 |   0.0 |  1965
       Slime:1 |       0 |   23489 |   0.0 |       0 |      31 |   0.0 |  1090
       Slime:2 |       0 |   27445 |   0.0 |       0 |      42 |   0.0 |  1065
       Slime:3 |       0 |   23133 |   0.0 |       0 |      43 |   0.0 |   676
       Slime:4 |       0 |   36682 |   0.0 |       0 |      23 |   0.0 |   769
       Slime:5 |       0 |   39814 |   0.0 |       0 |      31 |   0.0 |   986
         Orc:1 |       0 |    8579 |   0.0 |       0 |      50 |   0.0 |   858
         Orc:2 |       0 |   18354 |   0.0 |       0 |      61 |   0.0 |  1409
         Elf:1 |       0 |   26131 |   0.0 |       0 |      57 |   0.0 |  1684
         Elf:2 |       0 |   41961 |   0.0 |       0 |      58 |   0.0 |  1353
         Elf:3 |       0 |   65254 |   0.0 |       0 |      70 |   0.0 |  2869
      Vaults:1 |       0 |   71396 |   0.0 |       0 |      93 |   0.0 |  3516
      Vaults:2 |       0 |   71856 |   0.0 |       0 |     112 |   0.0 |  1817
      Vaults:3 |       0 |   33322 |   0.0 |       0 |      47 |   0.0 |  1705
      Vaults:4 |       0 |  107651 |   0.0 |       0 |     128 |   0.0 |  2777
      Vaults:5 |       0 |   86373 |   0.0 |       0 |      67 |   0.0 |  1934
       Crypt:1 |       0 |   37105 |   0.0 |       0 |      59 |   0.0 |  3395
       Crypt:2 |       0 |   27767 |   0.0 |       0 |      40 |   0.0 |  1297
       Crypt:3 |       0 |   72753 |   0.0 |       0 |     118 |   0.0 |  2331
        Tomb:1 |       0 |  133270 |   0.0 |       0 |      70 |   0.0 |  4743
        Tomb:2 |       0 |   67948 |   0.0 |       0 |      83 |   0.0 |  2976
        Tomb:3 |       0 |  105178 |   0.0 |       0 |      97 |   0.0 |  1478
      Depths:1 |    1013 |   32213 |   3.0 |       2 |      40 |   4.8 |  1667
      Depths:2 |       0 |   72254 |   0.0 |       0 |     110 |   0.0 |  1556
      Depths:3 |       0 |   37954 |   0.0 |       0 |      60 |   0.0 |  1119
      Depths:4 |       0 |  189693 |   0.0 |       0 |     146 |   0.0 |  4318
      Depths:5 |       0 |   84541 |   0.0 |       0 |      69 |   0.0 |  1361
         Zot:1 |       0 |   46954 |   0.0 |       0 |      28 |   0.0 |  2214
         Zot:2 |       0 |   83974 |   0.0 |       0 |      54 |   0.0 |  2050
         Zot:3 |       0 |  102703 |   0.0 |       0 |      53 |   0.0 |  3530
         Zot:4 |       0 |   56273 |   0.0 |       0 |      18 |   0.0 |  1870
         Zot:5 |       0 |  231667 |   0.0 |       0 |      87 |   0.0 |  5110
       Abyss:1 |   36747 |   50992 |  41.9 |      50 |      74 |  40.3 |  1424
       Abyss:2 |   30414 |   11094 |  73.3 |      63 |      35 |  64.3 |  1337
       Abyss:3 |   80339 |   74873 |  51.8 |     143 |     133 |  51.8 |  2275
        Bailey |       0 |    2394 |   0.0 |       0 |      27 |   0.0 |   375
        WizLab |       0 |   34119 |   0.0 |       0 |      69 |   0.0 |  2427
               +---------+---------+-------+---------+---------+-------+---------
